 Dungeon Crawl Stone Soup version 0.27.0-1-g7a089689b8 (webtiles) character file.

Game seed: 18405433991639724696

1105 lightbrinder the Digger (level 8, -4/61 HPs)
             Began as a Deep Dwarf Earth Elementalist on Aug 4, 2021.
             Was a Follower of Hepliaklqana.
             Slain by a scorpion (7 damage)
             ... in an ossuary.
             The game lasted 00:27:06 (4441 turns).

lightbrinder the Digger (DDEE)                      Turns: 4441, Time: 00:27:06

Health: -4/61      AC:  4    Str: 13    XL:     8   Next: 11%
Magic:  1/11       EV: 13    Int: 17    God:    Hepliaklqana [*.....]
Gold:   124        SH:  0    Dex: 13    Spells: 7/13 levels left

rFire    + . .     SeeInvis .   f - staff of earth
rCold    + . .     Faith    .   (no shield)
rNeg     . . .     Spirit   .   h - +1 robe {Will+}
rPois    .         Reflect  .   l - +0 helmet
rElec    .         Harm     .   g - scarf {rC+ rF+}
rCorr    .         Rampage  .   (no gloves)
Will     ++...                  (no boots)
Stlth    +++.......             (no amulet)
HPRegen  0.00/turn              (no ring)
MPRegen  0.12/turn              (no ring)

@: lethally poisoned (-4 -> -8), very slightly contaminated
A: reduced essence, damage resistance, heal wounds, sense surroundings 1, no
regeneration
a: Heal Wounds, Renounce Religion, Recall Ancestor, Ancestor Identity


You were in an ossuary.
You worshipped Hepliaklqana.
Hepliaklqana was aware of your devotion.
You visited 1 branch of the dungeon, and saw 4 of its levels.
You also visited: Ossuary.

You collected 124 gold pieces.

Inventory:

Hand Weapons
 a - a +0 hunting sling
Missiles
 k - 39 sling bullets
 n - 19 poisoned darts
Armour
 d - a +0 ring mail
 g - a scarf of resistance (worn)
 h - a +1 robe of willpower (worn)
 l - a +0 helmet (worn)
Magical Staves
 f - a staff of earth (weapon)
Scrolls
 b - a scroll of fear {unknown}
 i - a scroll of noise {unknown}
 j - a scroll of magic mapping
 o - 4 scrolls of identify {unknown}
 r - a scroll of amnesia {unknown}
 t - a scroll of enchant weapon {unknown}
Potions
 c - a potion of magic {unknown}
 e - 2 potions of mutation {unknown}
 m - a potion of curing {unknown}
 p - a potion of berserk rage {unknown}
 q - a potion of heal wounds {unknown}
 s - 2 potions of haste {unknown}
 u - a potion of cancellation {unknown}


   Skills:
 + Level 2.5 Fighting
 + Level 2.5 Staves
 + Level 2.5 Slings
 + Level 2.9 Armour
 + Level 4.2 Dodging
 + Level 4.9 Stealth
 + Level 3.1 Spellcasting
 + Level 2.8 Transmutations
 + Level 6.2 Earth Magic


You had 7 spell levels left.
You knew the following spells:

 Your Spells              Type           Power      Damage    Failure   Level
a - Sandblast             Erth           70%        2d15      1%          1
b - Passwall              Tmut/Erth      22%        N/A       4%          2
c - Stone Arrow           Conj/Erth      38%        3d9       14%         3

Your spell library contained the following spells:

 Spells                   Type           Power      Damage    Failure   Level
 Petrify                  Tmut/Erth      27%        N/A       26%         4


Dungeon Overview and Level Annotations

Branches:
Dungeon (4/15)            Ossuary (1/1)
 Temple: D:4-7

Altars:
Ashenzari
Cheibriados
Hepliaklqana
Sif Muna
Wu Jian


Innate Abilities, Weirdness & Mutations

Your life essence is reduced to manifest your ancestor. (-10% HP)
You are resistant to damage.
You can heal yourself by infusing magical energy.
You passively map a small area around you.
You do not regenerate.


Message History

You feel a surge of power!
You miscast Stone Arrow.
You are very lightly contaminated with residual magic.
Nothing appears to happen.
The scorpion stings you.
You closely miss the scorpion.
The scorpion is heavily wounded.
The scorpion barely misses you.
You hit the scorpion but do no damage.
The scorpion is heavily wounded.
The scorpion barely misses you. The scorpion completely misses you.
The scorpion misses you.
You hit the scorpion.
The scorpion is heavily wounded.
The scorpion stings you. x3
You hit the scorpion.
The scorpion is almost dead.
The scorpion stings you. x2
* * * LOW HITPOINT WARNING * * *
The scorpion stings you!
* * * LOW HITPOINT WARNING * * *
You are poisoned.
The scorpion poisons you!
You hit the scorpion but do no damage.
The scorpion is almost dead.
The scorpion stings you but does no damage.
The scorpion stings you.
* * * LOW HITPOINT WARNING * * *
The scorpion barely misses you.
Eanasir hits the scorpion.
The scorpion stings you but does no damage.
The scorpion misses you. The scorpion barely misses you.
Eanasir hits the scorpion.
You closely miss the scorpion.
The scorpion is almost dead.
The scorpion stings you.
* * * LOW HITPOINT WARNING * * *
You are more poisoned.
The scorpion poisons you! The scorpion stings you.
* * * LOW HITPOINT WARNING * * *
You are lethally poisoned!
The scorpion poisons you! The scorpion stings you!
You die...

###8.....8###...#...8...#
#...........#...#...†...#
#.......R...##R###8...8##
#.....8.....#...#...s...#
#.....#.....#...'ss.8R..#
#.....#.....#...#...#...#
##'#######'###########'##
#...#...#..R#s..#...#.s.#
#...'...#...s@..8...#...#
#...#...#...#s......#...#
##############8...8##.R.#
#...#...#...#.......#s.Z#
#.∩.'...8...#...8...#...#
#...#.......#...#...#.s.#
##'###8...8###'#######'##
#...#.......#...#M?!#...
#.∩.#...8...'...#?.?+...*


You could see the friendly Eanasir the ancestor and 3 scorpions.

Vanquished Creatures
  12 scorpions
  A bullfrog zombie (D:3)
  2 centaur zombies (Ossuary)
  An iguana (D:4)
  5 scorpion zombies (Ossuary)
  3 mummies (Ossuary)
  Robin (D:3)
  2 adders
  A shadow imp (D:3)
  2 worms (D:3)
  A dart slug (D:4)
  An orc (D:3)
  4 endoplasms
  2 giant cockroaches
  14 goblins
  4 hobgoblins
  5 jackals (D:1)
  3 quokkas
  5 ball pythons
  5 bats
  2 frilled lizards
  4 gnoll zombies (Ossuary)
  A goblin zombie (Ossuary)
  2 hobgoblin zombies (Ossuary)
  7 kobolds
  3 kobold zombies (Ossuary)
  5 rats
98 creatures vanquished.

Notes
Turn   | Place    | Note
-------+----------+-------------------------------------------
     0 | D:1      | lightbrinder the Deep Dwarf Earth Elementalist began the
                  | quest for the Orb.
     0 | D:1      | Reached XP level 1. HP: 15/15 MP: 3/3
   466 | D:1      | Reached XP level 2. HP: 22/22 MP: 2/4
   494 | D:1      | Reached skill level 1 in Transmutations
  1198 | D:2      | Reached XP level 3. HP: 28/28 MP: 4/6
  1417 | D:2      | Learned a level 2 spell: Passwall
  1734 | D:3      | Reached XP level 4. HP: 37/37 MP: 2/7
  1806 | D:3      | Reached skill level 5 in Earth Magic
  1807 | D:3      | Noticed Robin
  1919 | D:3      | Killed Robin
  2100 | D:3      | Reached skill level 1 in Staves
  2123 | D:3      | Found a hazy altar of Hepliaklqana.
  2132 | D:3      | Became a worshipper of Hepliaklqana the Forgotten
  2289 | D:3      | Noticed a scorpion
  2292 | D:3      | Killed a scorpion
  2293 | D:3      | Reached skill level 1 in Fighting
  2293 | D:3      | Reached skill level 1 in Armour
  2293 | D:3      | Reached XP level 5. HP: 34/44 MP: 5/8
  2793 | D:3      | Found an ornate altar of the Wu Jian Council.
  2925 | D:3      | Found a snail-covered altar of Cheibriados.
  2925 | D:3      | Found a faded altar of an unknown god.
  2949 | D:3      | Found a faded altar of an unknown god.
  2951 | D:3      | Found a broken altar of Ashenzari.
  2953 | D:3      | Found a shimmering blue altar of Sif Muna.
  3289 | D:4      | Found a sand-covered staircase.
  3294 | Ossuary  | Entered an ossuary
  3307 | Ossuary  | Reached XP level 6. HP: 39/51 MP: 6/9
  3341 | Ossuary  | Reached skill level 1 in Slings
  3611 | Ossuary  | Reached XP level 7. HP: 28/58 MP: 3/10
  3968 | Ossuary  | Learned a level 3 spell: Stone Arrow
  4035 | Ossuary  | Reached skill level 6 in Earth Magic
  4275 | Ossuary  | Reached * piety under Hepliaklqana
  4290 | Ossuary  | Reached XP level 8. HP: 26/61 MP: 2/11
  4441 | Ossuary  | HP: 3/61 [scorpion (4)]
  4441 | Ossuary  | Slain by a scorpion

Illustrated notes

Levels and vault maps discovered:
D:1:      evilmike_arrival_plus, layout_loops_corners
D:2:      layout_loops_ring, minivault_14
D:3:      layout_loops_ring, chequers_temple_overflow_minitemple,
          nzn_wu_jian_contemplation, mainiacjoe_overflow_surrounded_room,
          minmay_cupped, uniq_robin
D:4:      layout_loops_cross, enter_ossuary_2
Ossuary:  ossuary_minmay_scorpions

Skill      XL: |  1  2  3  4  5  6  7 |
---------------+----------------------+-----
Transmutations | 1 2 |  2.8
Spellcasting   | 2 3 |  3.1
Stealth        | 3 4 |  4.9
Earth Magic    | 5 6 |  6.2
Staves         | 1 2 |  2.5
Fighting       | 1 2 |  2.5
Armour         | 1 2 |  2.9
Dodging        | 3 4 |  4.2
Slings         | 1 2 |  2.5

Action                   |  1- 3 |  4- 6 |  7- 9 || total
-------------------------+-------+-------+-------++-------
Melee: Dagger            |     4 |       |       ||     4
       Unarmed           |     1 |       |       ||     1
       Staff             |    14 |    59 |    77 ||   150
 Fire: Hunting sling     |       |    21 |    11 ||    32
 Cast: Sandblast         |    33 |    88 |    12 ||   133
       Stone Arrow       |       |       |    17 ||    17
Invok: Ancestor Identity |       |       |     1 ||     1
 Abil: Heal Wounds       |       |     1 |     2 ||     3
  Use: Scroll            |     1 |       |       ||     1
 Stab: Distracted        |       |       |     1 ||     1
Armor: Robe              |     1 |    16 |    34 ||    51
       Ring mail         |     3 |       |       ||     3
Dodge: Dodged            |    26 |    49 |    71 ||   146
